cohdb
Replays
Latest Replays
All Replays
Popular Replays
Top Player Replays
Match Explorer
How It Works
Community
CoH3 Stats
Reddit
Sign in to upload your games and track your stats! →
Sign in with Steam
Match 33801935
Unlisted
Match 33801935
Overview
Messages
Build Orders
End
Selects Italian Combined Arms Battlegroup
Selects Bersaglieri Squad
Bersaglieri Squad
Bersaglieri Squad
Bersaglieri Squad
Construct Light Support Kompanie
2.5-tonne Medical Truck
Fire Support Elements
Selects Bersaglieri Bolster
le.IG 18 Mechanized Group
Forward Retreat Point
Combat Half-tracks
Pak 38 Anti-tank Gun Team
Selects Breda Model 30 Light Machine Guns
Construct Panzerarmee Kommand
Tungsten Core Ammunition
Armored Reserves
Tiger Heavy Tank
Selects Semovente da 75/18 Assault Gun
Selects Strafing Run
2.5-tonne Medical Truck
Panzerpioneer Squad
Strafing Run
Private_Pistolero
=RuDeBoY=
Jeroony24
🅲ˇ西德4000ˇ
humayun
Keep Calm
romper77
gUi
0
0
Comments
sign in to comment!
No comments posted yet!